 Dungeon Crawl Stone Soup version 0.16-a0-1120-gd281f79 (webtiles) character file.

82 Ololoev the Chiller (level 4, -3/27 HPs)
             Began as an Octopode Ice Elementalist on Oct 6, 2014.
             Slain by Grinder (6 damage)
             ... on level 3 of the Dungeon.
             The game lasted 00:08:27 (2848 turns).

Ololoev the Chiller (Octopode Ice Elementalist)     Turns: 2848, Time: 00:08:27

Health: -3/27      AC:  1    Str:  7    XL:     4   Next: 43%
Magic:  8/8        EV: 14    Int: 18    God:
Gold:   127        SH:  0    Dex: 12    Spells: 2 memorised, 5 levels left

rFire  . . .     SeeInvis .     k - -1 dagger
rCold  . . .     Clarity  .     (no shield)
rNeg   . . .     SustAb   .     (helmet restricted)
rPois  .         Gourm    .     (no amulet)
rElec  .         Spirit   .     q - +2 ring of evasion
rCorr  .         Warding  .     (no ring)
rMut   .         Stasis   .     (no ring)
MR     .....                    (no ring)
Stlth  +++.......               (no ring)
                                (no ring)
                                (no ring)
                                (no ring)

@: not resistant to hostile enchantments, fairly stealthy
A: almost no armour, amphibious, 8 rings, constrict 8, camouflage 1, gelatinous
body 1
a: no special abilities


You were on level 3 of the Dungeon.
You were not hungry.

You visited 1 branch of the dungeon, and saw 3 of its levels.

You collected 127 gold pieces.

Inventory:

Hand weapons
 d - a +1 dagger of venom
 k - a -1 dagger (weapon)
 m - a +0 dagger of protection
Comestibles
 c - 3 bread rations
 i - a meat ration
 o - 2 rotting chunks of goblin flesh
Scrolls
 a - 2 scrolls of recharging {unknown}
 e - a scroll of fog {unknown}
 f - a scroll of remove curse
 h - a scroll of fear {unknown}
 j - a scroll of blinking {unknown}
 l - a scroll of amnesia {unknown}
 p - a scroll of magic mapping {unknown}
 r - a scroll of identify {unknown}
Jewellery
 q - a +2 ring of evasion (left tentacle)
Potions
 g - a potion of mutation {unknown}
 n - a potion of heal wounds {unknown}
Books
 b - a book of Frost

   Spells                             Type                      Level
   *Freeze                            Ice                          1
   *Throw Frost                       Conjuration/Ice              2
   Ozocubu's Armour                   Charms/Ice                   3
   Throw Icicle                       Conjuration/Ice              4
   Summon Ice Beast                   Ice/Summoning                4
   Condensation Shield                Ice                          4


   Skills:
 - Level 2.0 Dodging
 - Level 2.6 Stealth
 - Level 2.5 Spellcasting
 * Level 2.4 Conjurations
 + Level 4.1 Ice Magic


You had 5 spell levels left.
You knew the following spells:

 Your Spells              Type           Power        Failure   Level  Hunger
a - Freeze                Ice            ###.         3%          1    #......
b - Throw Frost           Conj/Ice       ##....       10%         2    ##.....


Dungeon Overview and Level Annotations

Branches:
Dungeon (3/15)

Altars:

Annotations:
D:1 Terence
D:3 Grinder


Innate Abilities, Weirdness & Mutations

You cannot wear most types of armour.
You are amphibious.
You can wear up to eight rings at the same time.
You can use your tentacles to constrict many enemies at once.
Your skin changes colour to match your surroundings (Stealth).
Your rubbery body absorbs attacks (AC +1).


Message History

Grinder gestures.
Grinder struggles to blink free from constriction.
You hit Grinder but do no damage.
Grinder is moderately wounded.
You constrict Grinder. Grinder hits you.
You writhe in agony.
You hit Grinder but do no damage.
Grinder is moderately wounded.
You constrict Grinder. Grinder hits you!
You writhe in agony.
* * * LOW HITPOINT WARNING * * *
You are too injured to fight recklessly!
You hit Grinder.
Grinder is moderately wounded.
You constrict Grinder. Grinder hits you.
* * * LOW HITPOINT WARNING * * *
You writhe in agony. x2
Read which item? (? for menu, Esc to quit)
As you read the scroll labeled XIOWKI FULAMP, it crumbles to dust.
You feel as if something is helping you.
It was a scroll of remove curse.
You constrict Grinder. Grinder hits you.
You die...

... #...
#...# #...#
####..##
.......#
#...#########
#...@5.....!#
#...#######.#
###...#
#.....#
#.#.#.#
.#.###.#.#.#
...........#
.#...##.#.###
#.....##.#.#


You could see Grinder.

Vanquished Creatures
  An adder (D:2)
  5 worms (D:2)
  A giant gecko (D:1)
  4 giant cockroaches
  6 goblins
  4 hobgoblins
  2 jackals (D:1)
  2 ball pythons (D:2)
  6 bats (D:2)
  2 giant newts (D:2)
  4 kobolds (D:2)
  8 rats
45 creatures vanquished.

Notes
Turn   | Place    | Note
--------------------------------------------------------------
     0 | D:1      | Ololoev, the Octopode Ice Elementalist, began the quest for the Orb.
     0 | D:1      | Reached XP level 1. HP: 11/11 MP: 3/3
   358 | D:1      | Reached XP level 2. HP: 3/17 MP: 2/4
   583 | D:1      | Learned a level 2 spell: Throw Frost
  1236 | D:2      | Noticed Terence
  1721 | D:2      | Reached XP level 3. HP: 19/21 MP: 3/6
  2281 | D:2      | Reached XP level 4. HP: 27/27 MP: 8/8
  2357 | D:2      | Reached skill level 4 in Ice Magic
  2842 | D:3      | Noticed Grinder
  2848 | D:3      | Slain by Grinder

Action                   |  1- 3 |  4- 6 || total
-------------------------+-------+-------++-------
Melee: Dagger            |    35 |    30 ||    65
       Unarmed           |     1 |       ||     1
 Cast: Freeze            |    23 |    13 ||    36
       Throw Frost       |     7 |       ||     7
  Use: Scroll            |       |     1 ||     1
 Stab: Sleeping          |     6 |     3 ||     9
  Eat: Chunk             |     5 |       ||     5
       Bread ration      |       |     1 ||     1
